 Dungeon Crawl Stone Soup version 0.19.4-9-g45fd643 (webtiles) character file.

78 danebombitumenja the Bolt Thrower (level 4, 0/37 HPs)
             Began as a Centaur Hunter on Feb 18, 2017.
             Slain by a thrashing horror (3 damage)
             ... on level 1 of the Abyss.
             The game lasted 00:04:11 (1214 turns).

danebombitumenja the Bolt Thrower (Centaur Hunter)  Turns: 1214, Time: 00:04:12

Health: 0/37       AC:  5    Str: 16    XL:     4   Next: 15%
Magic:  4/4        EV: 12    Int: 10    God:
Gold:   19         SH:  0    Dex:  9    Spells: 0 memorised, 3 levels left

rFire  . . .     SeeInvis .     b - +1 dagger (elec)
rCold  . . .     Gourm    .     g - +0 ring mail
rNeg   . . .     Faith    .     (no shield)
rPois  .         Spirit   .     (no helmet)
rElec  .         Reflect  .     (no cloak)
rCorr  .         Harm     .     (no gloves)
MR     .....                    (no barding)
Stlth  ..........               (no amulet)
                                o - ring of flight
                                l - +4 ring of evasion

@: very quick
A: hooves 3, deformed body, speed 2, tough skin 3
a: Evoke Flight


You were on level 1 of the Abyss.
You were not hungry.

You visited 1 branch of the dungeon, and saw 2 of its levels.
You visited the Abyss 1 time.

You collected 19 gold pieces.

Inventory:

Hand Weapons
 a - a +1 hand crossbow
 b - a +1 dagger of electrocution (weapon)
Missiles
 c - 62 arrows
 d - 20 bolts
Armour
 g - a +0 ring mail (worn)
 u - a +0 chain mail
 w - a +2 cloak
Jewellery
 l - a +4 ring of evasion (left hand)
 n - an uncursed ring of ice
 o - a ring of flight (right hand)
 t - a +4 ring of evasion
Wands
 v - a wand of confusion (35/48)
Scrolls
 e - 3 scrolls of identify {unknown}
 k - a scroll of recharging {unknown}
 m - a scroll of immolation {unknown}
 q - a scroll of random uselessness {unknown}
 s - a scroll of teleportation {unknown}
Potions
 i - a potion of ambrosia {unknown}
 p - 3 potions of curing {unknown}
Comestibles
 f - 2 bread rations
 h - a royal jelly
 j - 6 chunks of flesh
 r - a beef jerky


   Skills:
 + Level 2.8 Fighting
 * Level 5.8 Crossbows
 - Level 1.3 Dodging
 - Level 0.4 Stealth


You had 3 spell levels left.
You didn't know any spells.

Dungeon Overview and Level Annotations

Branches:
Dungeon (2/15)

Altars:

Annotations:
D:2 Jessica, Sigmund


Innate Abilities, Weirdness & Mutations

You have hooves in place of feet.
Armour fits poorly on your strangely shaped body.
You cover ground very quickly.
You have extremely tough skin. (AC +3)


Message History

The thrashing horror tramples you.
You stumble backwards!
The thrashing horror roars!
The thrashing horror tramples you but does no damage.
The thrashing horror tramples you.
* * * LOW HITPOINT WARNING * * *
You hold your ground!
The thrashing horror roars!
The thrashing horror tramples you but does no damage.
The thrashing horror tramples you.
* * * LOW HITPOINT WARNING * * *
You stumble backwards!
Unknown command.
The thrashing horror roars!
The thrashing horror completely misses you.
The thrashing horror misses you.
A quasit comes into view.
The quasit gives a chilling moan.
The thrashing horror tramples you but does no damage.
The thrashing horror tramples you.
You die...

··············
▒·····▒·····▒ ▒···▒
▒···▒ ▒▒▒ ▒▒·▒▒ ▒▒
▒▒ ▒·▒▒▒···▒▒▒·· ▒▒
▒▒▒▒··▒·····▒···(·▒
▒▒··················
▒·▒▒X·5▒·····▒·····▒
▒·@··▒▒▒···▒▒▒···▒▒
▒··▒·▒▒ ▒▒·▒▒ ▒▒· ▒
5§··▒▒··▒ ▒···▒
▒···▒ §·▒··
▒···▒·····▒ ····▒
▒··▒
▒▒···············
▒▒▒ ··▒·····▒·· ·▒
·▒▒▒·· ▒▒ ▒·


You could see a thrashing horror and 2 quasits.

Vanquished Creatures
  Ijyb (D:2)
  2 adders (D:2)
  A dart slug (D:2)
  A leopard gecko (D:1)
  4 bats
  A giant cockroach (D:2)
  3 goblins (D:1)
  4 hobgoblins
  4 jackals (D:2)
  A frilled lizard (D:1)
  5 kobolds
  2 rats (D:1)
29 creatures vanquished.

Notes
Turn   | Place    | Note
-------+----------+-------------------------------------------
     0 | D:1      | danebombitumenja the Centaur Hunter began the quest for the Orb.
     0 | D:1      | Reached XP level 1. HP: 17/17 MP: 1/1
   422 | D:1      | Reached XP level 2. HP: 24/24 MP: 2/2
   640 | D:1      | Reached skill level 5 in Crossbows
   800 | D:2      | Noticed Sigmund
   816 | D:2      | Reached XP level 3. HP: 24/30 MP: 3/3
  1034 | D:2      | Noticed Ijyb
  1041 | D:2      | Killed Ijyb
  1041 | D:2      | Reached XP level 4. HP: 37/37 MP: 4/4
  1054 | D:2      | Noticed Jessica
  1083 | D:2      | Cast into level 1 of the Abyss (Jessica)
  1083 | Abyss:1  | Found a corrupted altar of Lugonu.
  1137 | Abyss:1  | Noticed a large abomination
  1169 | Abyss:1  | Noticed a large abomination
  1170 | Abyss:1  | Noticed a large abomination
  1193 | Abyss:1  | Noticed an ancient zyme
  1198 | Abyss:1  | Noticed a neqoxec
  1201 | Abyss:1  | Noticed a thrashing horror
  1214 | Abyss:1  | Slain by a thrashing horror

Skill      XL: |  1  2 |
---------------+-------+-----
Crossbows      | 5 |  5.8
Fighting       | |  2.8
Dodging        | |  1.3
Stealth        | |  0.4

Action                   |  1- 3 |  4- 6 || total
-------------------------+-------+-------++-------
Melee: Short sword       |    65 |       ||    65
       Kick              |    11 |     7 ||    18
       Dagger            |    14 |    26 ||    40
Armor: Ring mail         |    25 |    15 ||    40
Dodge: Dodged            |    45 |    18 ||    63
